woodfighter, neutral female scurrid Tourist Q n }}}}}....... D }}}}}}}}...u. @ D t D }}}}}}}}}}}.D }}}}}}}}}}}}} D @ D}}}}}}}}}}}}D l @@ o @ }}}}}---}}}}}} @ @ @ @@@ @ @ .}}}---(---}}}} @ -.}.-.@D..--}}} @ oD o Do @ ...D.@.HxD.--.} @ ...\...k.o@@oo o@@ G @ @ +@...XJ@c..(.} ........D.....@@@ ooo & o |--...EJH.---} --- .....G. o oD o@D --- --}--.....--}}} |}----- -----}| |}}}---(---}}}} |}}}}}----- ---X-}}}}}| |}}}}}---}}}}}} } --}}}}}}}}}-----+-----}}}}}}}}}-- --}}}}}}}}}}}}}} }}}}}}}}} -------}}}}}}}}}}}}}}}}}}}}}}}}}}}}}}}-------}}}}}}}}}}}}}}. @..}}}}}}}}}}}}}}}}}}}}}}}}}}}}}...)...}}}}}}}}}}}}}}}}}}}}}}}}}}}}}}.... ....s}}}}}}}}}}}}}}}}}}}}}..%%#%.....#...}}}}}}}}}}}}}}}}}}}}}......... ......}}}}}}}}}}}}}}}}%%..%.%....%..........}}}}}}}}}}}}}}}........... woodfighter the Traveler Experience level: 16 Strength: 15 Dexterity: 18 Constitution: 14 Intelligence: 12 Wisdom: 8 Charisma: 15 Health: 0(95) Energy: 61(61) Def: 35 Gold: 0 Moves: 24299 Dungeon seed: HPuJRKHRFK7ENmEN Game ID: woodfighter_1518992941 Your Inventory: Amulets K - an uncursed amulet of magical breathing (being worn) Weapons a - a blessed +9 spear named Spear of Carnage (weapon in paw) b - 48 blessed +6 darts (in quiver) Armor n - a blessed +4 Hawaiian shirt (being worn) o - a blessed +0 elven leather helm (being worn) r - an uncursed +0 pair of elven boots (being worn) z - a blessed +0 pair of leather gloves C - a blessed +1 pair of leather gloves (being worn) I - a blessed durable +5 shield of reflection (being worn) N - a blessed +1 elven mithril-coat (being worn) Y - a blessed fireproof +1 cloak of magic resistance (being worn) Comestibles F - an uncursed partly eaten food ration R - an uncursed apple U - 4 uncursed food rations Z - 2 uncursed lizard corpses Wands d - a wand of digging (0:5) f - a rusty wand of teleportation (0:2) g - a wand of fire (0:5) h - a wand of death (0:5) Tools c - an uncursed rusty stethoscope k - an expensive camera (0:83) q - a -2 unicorn horn s - a blessed bag of holding w - an uncursed magic whistle y - an uncursed skeleton key B - the blessed Platinum Yendorian Express Card E - an uncursed magic lamp L - a blessed oil lamp (lit) (1:1447) W - an uncursed towel Gems e - a blessed luckstone Contents of the bag of holding: 1723 gold pieces a [uncursed] amulet of life saving 20 blessed +6 darts a burnt +2 elven dagger named Dagger of Revenge a blessed +1 mummy wrapping an uncursed eucalyptus leaf an uncursed lizard corpse an uncursed sprig of wolfsbane a [uncursed] scroll of charging a [uncursed] scroll of create monster a [blessed] scroll of create monster a [uncursed] scroll of earth 2 [uncursed] scrolls of enchant weapon a [uncursed] scroll of fire a [cursed] scroll of identify a [uncursed] scroll of identify a [uncursed] scroll of remove curse a [uncursed] scroll of taming 2 [uncursed] scrolls of teleportation a [uncursed] scroll of water a [uncursed] scroll of wishing a [uncursed] spellbook of clairvoyance a [blessed] diluted potion of gain ability a [uncursed] potion of gain level a [blessed] potion of gain level a [uncursed] potion of monster detection a [uncursed] potion of object detection a [uncursed] potion of polymorph a [cursed] potion of speed a [uncursed] ring of conflict a [uncursed] ring of fire resistance a [uncursed] [+3] ring of gain strength a [cursed] ring of invisibility an uncursed ring of levitation a [uncursed] wand of create monster [0:14] a [uncursed] wand of digging [0:6] a [uncursed] wand of magic missile [0:4] a [uncursed] wand of polymorph [0:7] a [cursed] wand of sleep [0:8] a [uncursed] wand of sleep [0:6] an uncursed bugle a can of grease (0:8) a +0 unicorn horn Spells and supernatural/magical abilities: Name Level Category Fail Memory h - healing 1 healing 100% 96% j - jumping 1 escape 100% 96% l - light 1 divination 100% 96% n - detect monsters 1 divination 100% 96% p - protection 1 clerical 100% 96% w - wizard lock 2 matter 100% 96% z - sleep 2 enchantment 100% 96% O - create monster 2 clerical 100% 96% W - pray for help -- divine ? -- Your skills at the end: Miscellaneous Skills shield [Skilled] wands [Basic] Weapon Skills spear [Basic] dart [Master] Spellcasting Skills Final Attributes: You were piously aligned. You were fire resistant. You were cold resistant. You were sleep resistant. You were disintegration-resistant. You were shock resistant. You were poison resistant. You were magic-protected. You were blinded. You saw invisible. You were telepathic. You had automatic searching. You had infravision. You were invisible to others. You were very stealthy. You could survive without air. You were protected. You were fast. You had reflection. You were extremely lucky. You had extra luck. Good luck did not time out for you. You are dead. Vanquished creatures: Medusa The Master of Thieves an iron golem a gray dragon a blue dragon a glass golem 5 minotaurs a young gray dragon a young black dragon a young green dragon a young yellow dragon a stone golem a Nazgul a trapper a baby orange dragon a gryphon a guardian naga a vampire lord 5 captains 2 Aleaxes 2 frost giants a golden naga a black pudding 4 vampires 12 ghosts 4 lieutenants 3 winged gargoyles a mind flayer 4 giant mimics 4 fire giants 2 ogre kings an Elvenking 2 ice trolls 5 rock trolls a flesh golem a doppelganger 4 large mimics a wumpus a baby purple worm 4 long worms 3 couatls 2 stalkers 2 air elementals 3 earth elementals a water elemental a hill giant a giant mummy 2 black nagas 5 elf-lords 6 giant zombies 14 sergeants 3 barbed devils 5 wargs 6 quantum mechanics 15 small mimics an island nymph a glass piercer a warhorse a xan an ettin mummy a troll 2 sasquatches 2 wood golems a shark a pyrolisk 3 large dogs 2 freezing spheres a flaming sphere 2 shocking spheres 3 large cats a tiger a gargoyle 6 tengu 4 gelatinous cubes 3 ochre jellies 3 chameleons 4 leocrottas 2 energy vortices a mountain centaur 6 giants an elf mummy 2 red nagas 5 Grey-elves 2 pit vipers 3 pythons 3 cobras 21 wraiths 6 ettin zombies 2 leather golems 77 soldiers a watchman a horned devil 3 succubi 7 incubi 3 giant beetles 6 cockatrices 7 wolves 13 winter wolf cubs 2 black lights 2 lynxes 2 panthers 39 gremlins 33 leprechauns 2 quivering blobs 6 lizards 2 mountain nymphs an orc-captain 3 mumakil 103 giant spiders 4 scorpions 7 iron piercers 4 horses 2 ice vortices 2 vampire bats 27 forest centaurs 3 gnome kings an orc mummy 3 dwarf mummies 11 ogres 2 brown puddings 11 Green-elves 3 rust monsters 7 owlbears 5 yetis 2 gold golems 2 werewolves 2 piranhas 2 giant eels a guide 9 chickatrices a dog 2 dingos 5 housecats 6 jaguars 3 dwarf lords 5 blue jellies 5 water nymphs 4 white unicorns a black unicorn 3 dust vortices 33 ravens a Kop Kaptain 2 gnome mummies 6 Woodland-elves 4 snakes 4 apes 6 human zombies 2 rope golems 2 soldier ants 4 fire ants 4 yellow lights 7 bugbears 3 imps 7 quasits a baby crocodile 2 wood nymphs 18 Mordor orcs 7 Uruk-hai an orc shaman 2 rock moles 9 rock piercers a pony 6 fog clouds 4 shriekers 2 violet fungi 12 gnome lords 3 gnomish wizards 4 Kop Lieutenants 4 kobold mummies a red naga hatchling a black naga hatchling a golden naga hatchling a guardian naga hatchling 7 gray oozes a barrow wight 10 elf zombies 11 ghouls a straw golem a paper golem a jellyfish 4 giant ants 2 puppies 5 floating eyes 4 kittens 29 dwarves 4 homunculi 6 kobold lords 2 kobold shamans 13 iguanas 23 hill orcs 6 rothes 3 rabid rats a centipede 4 jitterbugs 6 giant bats a monkey 16 orc zombies 9 dwarf zombies 3 wererats 2 werejackals 26 killer bees 3 coyotes 9 hobbits 2 acid blobs 3 large kobolds 9 geckos 12 hobgoblins 2 giant rats 21 cave spiders 4 brown molds a yellow mold 3 green molds a red mold 56 gnomes 5 Keystone Kops 17 garter snakes 11 manes 5 gnome zombies 13 jackals 5 foxes 3 newts 6 goblins a sewer rat 6 grid bugs 5 bats 4 lichens 7 kobold zombies 1293 creatures vanquished. Genocided species: hobbits dwarves bugbears dwarf lords dwarf kings quantum mechanics mind flayers master mind flayers island nymphs liches demiliches master liches arch-liches 13 species genocided. Voluntary challenges: You did not cause conflict. You were not displaced. You had been an atheist until turn 2692. You used a wielded weapon 822 times, starting on turn 10164. You did not use plumbed fixtures. You read items or engraved 42 times, starting on turn 4784. You genocided 13 types of monsters, starting on turn 20951. You polymorphed 1 item, starting on turn 12808. You never changed form. You completed Sokoban on turn 6081, according to the rules. You used 1 wish, starting on turn 16556. You did not wish for any artifacts. You never split a pudding. You never wrote Elbereth's name. You violated your moral code, losing 4 points of alignment, starting on turn 2298. Dungeon overview: The Dungeons of Doom: levels 1 to 29 Level 1 a fountain, a sink a long staircase Level 2 an armor shop, a fountain Level 3 a general store, some fountains Level 4 ( ) stairs to The Gnomish Mines Level 5 (vault) a sink Level 6 ( ) a fountain Level 7 ( ) some fountains Level 8 a general store, a fountain Level 9 many fountains Level 10 a temple to The Lady, some fountains stairs to Sokoban Level 11 a fountain Level 12 Level 13 a fountain Level 14 some altars to Blind Io and The Lady Level 15 (quest + vault) portal to The Quest Level 16 Level 17 (rogue) Level 18 some fountains, a sink Level 19 Level 20 Level 21 a fountain Level 22 a fountain Level 23 a fountain Level 24 (medusa) a fountain, many trees Level 25 Level 26 Level 27 Level 28 a fountain Level 29 <- You were here a fountain, a throne, some trees The Gnomish Mines: levels 5 to 13 Level 5 stairs to The Dungeons of Doom Level 6 Level 7 some shops, a temple to Offler, a magic chest, some fountains Level 8 Level 9 Level 10 Level 11 Level 12 Level 13 a magic chest, a fountain The Quest: levels 1 to 6 Level 1 a magic chest portal to The Dungeons of Doom Level 2 Level 3 some shops Level 4 Level 5 Level 6 some shops Sokoban: levels 6 to 9 Level 6 a magic chest Level 7 Level 8 Level 9 an altar to Moloch, a magic chest stairs to The Dungeons of Doom History has recorded: On T:1 you entered the Dungeons of Doom to retrieve the Amulet of Yendor! On T:29 you reached level 2 of The Dungeons of Doom. On T:253 you reached level 3 of The Dungeons of Doom. On T:604 you advanced to experience level 2. On T:698 you reached level 4 of The Dungeons of Doom. On T:1069 you reached level 5 of The Dungeons of Doom. On T:1074 you advanced to experience level 3. On T:1111 you reached level 1 of The Gnomish Mines. On T:1438 you advanced to experience level 4. On T:1868 you reached level 6 of The Dungeons of Doom. On T:2077 you advanced to experience level 5. On T:2273 you reached level 7 of The Dungeons of Doom. On T:2468 you advanced to experience level 6. On T:2692 you prayed to The Lady. On T:2765 you reached level 8 of The Dungeons of Doom. On T:2997 you advanced to experience level 7. On T:3164 you reached level 9 of The Dungeons of Doom. On T:3398 you advanced to experience level 8. On T:3695 you reached level 10 of The Dungeons of Doom. On T:4086 you reached level 4 of Sokoban. On T:4244 you opened a magic chest. On T:4958 you advanced to experience level 9. On T:5026 you reached level 3 of Sokoban. On T:5283 you reached level 2 of Sokoban. On T:5755 you reached level 1 of Sokoban. On T:6081 you advanced to experience level 10. On T:6081 you entered the Sokoban zoo. On T:6509 you reached level 2 of The Gnomish Mines. On T:6656 you reached level 3 of The Gnomish Mines. On T:6677 you entered the Minetown temple On T:6979 you reached level 4 of The Gnomish Mines. On T:7290 you reached level 5 of The Gnomish Mines. On T:7435 you reached level 6 of The Gnomish Mines. On T:7891 you reached level 7 of The Gnomish Mines. On T:8106 you reached level 8 of The Gnomish Mines. On T:8569 you reached level 9 of The Gnomish Mines. On T:8569 you reached the bottom of the Mines. On T:9716 you reached level 12 of The Dungeons of Doom. On T:9819 you advanced to experience level 11. On T:9869 you reached level 13 of The Dungeons of Doom. On T:10019 you reached level 14 of The Dungeons of Doom. On T:10659 you reached level 15 of The Dungeons of Doom. On T:11586 you reached level 16 of The Dungeons of Doom. On T:11686 you reached level 17 of The Dungeons of Doom. On T:11686 you entered the Rogue tribute level. On T:11788 you advanced to experience level 12. On T:12019 you reached level 18 of The Dungeons of Doom. On T:12366 you reached level 19 of The Dungeons of Doom. On T:13447 you reached level 20 of The Dungeons of Doom. On T:14344 you reached level 21 of The Dungeons of Doom. On T:14399 you reached level 22 of The Dungeons of Doom. On T:15441 you reached level 23 of The Dungeons of Doom. On T:15638 you reached level 24 of The Dungeons of Doom. On T:16556 you wished for "+3 blessed fixed cloak of magic resistance". On T:16936 you prayed to The Lady. On T:17404 you advanced to experience level 13. On T:17572 you advanced to experience level 14. On T:17780 you reached level 1 of The Quest. On T:17833 you advanced to experience level 15. On T:17849 you advanced to experience level 16. On T:18094 you embarked upon an epic quest. On T:18096 you reached level 2 of The Quest. On T:18344 you reached level 3 of The Quest. On T:18808 you reached level 4 of The Quest. On T:19477 you reached level 5 of The Quest. On T:19681 you reached level 6 of The Quest. On T:20943 you killed Master of Thieves on level 1 of The Quest. On T:20945 you completed the quest! On T:21752 you reached level 25 of The Dungeons of Doom. On T:21813 you killed Medusa on level 25 of The Dungeons of Doom. On T:21878 you reached level 26 of The Dungeons of Doom. On T:22404 you reached level 27 of The Dungeons of Doom. On T:22591 you reached level 28 of The Dungeons of Doom. On T:23790 you reached The Castle. On T:24293 you prayed to The Lady. Score breakdown: Gold: 1621 ( 162 points) Experience: 16 levels ( 1500 points) Exploration: 29 levels ( 840 points) Discoveries: 121 items ( 2000 points) Variety of kills: 227 monsters ( 2000 points) Major goal: finished the Quest ( 2000 points) Survival: died (score multiplied by 3) Total score: 25506 Latest messages: The gryphon claws you! The gryphon just misses! You jab the invisible titan! The yellow dragon bites! The yellow dragon claws you! (2x) The jabberwock bites! (2x) The jabberwock claws you! (2x) The xan scratches your left boot! The fire giant hurls a potion of blindness! The bottle crashes on your head and breaks into shards. It suddenly gets dark. The invisible stalker claws you! The invisible titan punches you! The invisible titan casts a spell at you! A field of force surrounds you! The gryphon pecks! The gryphon misses. (2x) The floor here is too hard to dig in. The invisible titan misses. The gryphon pecks! The gryphon claws you! (2x) You jab the cockatrice. The yellow dragon misses. (3x) The jabberwock bites! (2x) You die... Final status: Aloha woodfighter the Tourist, killed by a jabberwock... You died in The Dungeons of Doom on dungeon level 29 with 25506 points, and 1723 pieces of gold, after 24299 moves. You were level 16 with a maximum of 95 hit points when you died.